Unix NetHack Version 5.0.0-0 post-release - last build May  4 2026 22:22:43 (774f63e81ad911689b3a0859ea89b322d5daca8d,branch:main).

Game began 2026-05-06 11:39:31, ended 2026-05-06 12:25:15.

01245990302, lawful male human Archeologist

                                       -------
                       ---------       |......`      -----
                     ##........|#######..ss.<|#%#####....|
                     # |....>...#      |.e@.e-#      |...|
                     # |.......|       -----|-#      |....#
                    ## |.......|           ## ##     -.---#
                    #  |.......|           #   #      #   #
            --------#  --.------           #   #      #   #
            |......|#    ####             ##   #      #   #
            |......|#       #            ##    #      ##  ####-----------
         ----.......#       #            #     #       #     #..........|
         |......----        ##          ##     #      ###     |.........|
         |......|            ##         #      # #-----.- `   |.........|
         |......|             ####    ###      ###|....>| `###-.........|
         -----.--                #    #          #......|     -----------
              #             -----|----.----      #|.....|
                            |.............|       |.....|
                            |.............|       -------
                            ---------------

01245990302 the Field Worker  St:13 Dx:10 Co:16 In:18 Wi:12 Ch:10  Lawful
Dlvl:4  $:57 HP:0(30) Pw:24(24) AC:9  Xp:4 T:2541 

Latest messages:
 You try to move the boulder, but in vain.
 You try to move the boulder, but in vain.
 You see here an iguana corpse.
 You kill the newt!
 What do you want to wield? [- aelwxD or ?*] <enter>
 Never mind.
 What do you want to wield? [- aelwxD or ?*] m
 m - an iron skull cap (wielded).
 What do you want to throw? [$alwxD or ?*] a
 In what direction? 4
 You feel more confident in your weapon skills.
 (Tip: use the #enhance command to advance them.)
 The bullwhip hits the floating eye.
 What do you want to throw? [$lwxD or ?*] l
 In what direction? 4
 The crude dagger hits the floating eye.
 You begin bashing monsters with your iron skull cap.
 You hit the floating eye.
 You hit the floating eye.
 You are frozen by the floating eye's gaze!
 You hear the footsteps of a guard on patrol.
 You hear someone counting gold coins.
 The cave spider bites!
 The cave spider bites!
 The cave spider bites!
 The cave spider bites!
 The cave spider bites!
 The cave spider bites!
 The cave spider bites!
 The cave spider bites!
 The cave spider bites!
 The cave spider bites!
 The cave spider bites!
 The cave spider bites!
 The cave spider bites!
 The cave spider bites!
 The cave spider bites!
 The cave spider bites!
 The cave spider bites!
 The cave spider bites!
 The cave spider bites!
 The cave spider bites!
 The cave spider bites!
 The cave spider bites!
 You die...
 Do you want your possessions identified? [ynq] (y) y
 Do you want to see your attributes? [ynq] (y) y
 Do you want an account of creatures vanquished? [ynaq] (y) y
 Do you want to see your conduct and achievements? [ynq] (y) y
 Do you want to see the dungeon overview? [ynq] (y) y

Inventory:
 Coins    ('$')
  $ - 57 gold pieces
 Weapons  (')')
  D - a +0 crossbow
  x - a rusty +0 orcish dagger
  w - a cursed -1 orcish dagger
 Armor    ('[')
  c - an uncursed +0 fedora (being worn)
  m - an uncursed +0 orcish helm (wielded)
  F - a blessed +0 cloak of displacement
  b - an uncursed +0 leather jacket (being worn)
 Comestibles  ('%')
  y - an uncursed cram ration
  d - 2 uncursed food rations
  n - a cursed food ration
  k - a cursed tripe ration
 Spellbooks  ('+')
  G - an uncursed spellbook of magic mapping
 Potions  ('!')
  s - an uncursed potion of healing
  p - an uncursed potion of paralysis
 Wands    ('/')
  t - a wand of polymorph (0:5)
 Tools    ('(')
  h - an empty uncursed sack
  u - a cursed leash
  B - an uncursed magic whistle
  e - a +0 pick-axe (alternate weapon; not wielded)
  r - an uncursed skeleton key
  f - a tinning kit (0:62)
 Gems/Stones  ('*')
  j - an uncursed topaz stone
  C - an uncursed worthless piece of white glass
  g - an uncursed touchstone
  o - 11 uncursed rocks

01245990302 the Archeologist's attributes:

Background:
 You were a Field Worker, a level 4 male human Archeologist.
 You were lawful, nominally on a mission for Quetzalcoatl
 who was opposed by Camaxtli (neutral) and Huhetotl (chaotic).
 You were right-handed.
 You were in the Dungeons of Doom, on level 4.
 You entered the dungeon 2541 turns ago.
 You had 100 experience points, 60 more were needed to attain level 5.

Basics:
 You had 0 out of 30 hit points.
 You had all 24 energy points (spell power).
 Your armor class was 9.
 Your wallet contained 57 zorkmids.
 Autopickup was off.

Final Characteristics:
 Your strength was 13 (limit:18/100).
 Your dexterity was 10 (limit:18).
 Your constitution was 16 (limit:18).
 Your intelligence was 18 (limit:18).
 Your wisdom was 12 (limit:18).
 Your charisma was 10 (limit:18).

Final Status:
 You weren't hungry.
 You were unencumbered.
 You were wielding some armor.

Final Attributes:
 You were piously aligned.
 You had automatic searching.
 You were lucky.
 You are dead.

Miscellaneous:
 You didn't encounter any bones levels.
 Total elapsed playing time was 45 minutes and 42 seconds.

Major events:
 Turn
    1: 01245990302 the lawful male human Archeologist entered the dungeon
 1028: attained the rank of Field Worker (level 3)
 2541: killed by a cave spider, while frozen by a floating eye's gaze

You didn't know any spells.

Skills:
 Fighting Skills
   bare handed combat [Unskilled]
   two weapon combat  [Unskilled]
   riding             [Unskilled]
 Weapon Skills
   dagger             [Unskilled]
   knife              [Unskilled]
   pick-axe           [Basic]
   short sword        [Unskilled]
   saber              [Unskilled]
   club               [Unskilled]
   quarterstaff       [Unskilled]
   sling              [Unskilled]
   dart               [Unskilled]
   boomerang          [Unskilled]
   whip               [Basic]
   unicorn horn       [Unskilled]
 Spellcasting Skills
   attack spells      [Unskilled]
   healing spells     [Unskilled]
   divination spells  [Unskilled]
   matter spells      [Unskilled]

Voluntary challenges:
 Character rerolling was not enabled.
 You were an atheist.
 You were illiterate.
 You never genocided any monsters.
 You never polymorphed an object.
 You never changed form.
 You used no wishes.
Achievements:
 You entered a shop.
 You attained the rank of Field Worker.

 The Dungeons of Doom: levels 1 to 4
    Level 1:
       A fountain.
    Level 2:
       A general store.
    Level 3:
       A general store.
    Level 4: <- You were here.
       Final resting place for
          you, killed by a cave spider, while frozen by a floating eye's gaze.


Vanquished creatures:
  a kitten
  2 orc zombies
  3 iguanas
 an acid blob
  a yellow mold
  2 geckos
  2 jackals
  a fox
  a kobold
  4 goblins
  4 sewer rats
 11 grid bugs
  3 lichens
  8 newts
44 creatures vanquished.

No species were genocided or became extinct.

Game over:
                       ----------
                      /          \
                     /    REST    \
                    /      IN      \
                   /     PEACE      \
                  /                  \
                  |   01245990302    |
                  |      57 Au       |
                  | killed by a cave |
                  |      spider      |
                  |                  |
                  |                  |
                  |       2026       |
                 *|     *  *  *      | *
        _________)/\\_//(\/(/\)/\//\/|_)_______

Goodbye 01245990302 the Archeologist...

You died in The Dungeons of Doom on dungeon level 4 with 602 points,
and 57 pieces of gold, after 2541 moves.
You were level 4 with a maximum of 30 hit points when you died.

